 Dungeon Crawl Stone Soup version 0.30-a0-800-g7c544603b3 (webtiles) character file.

Game seed: 14093556894161644014

105 Newt the Trooper (level 4, -2/37 HPs)
             Began as a Demonspawn Gladiator on Feb 22, 2023.
             Killed by nerve-wracking pain
             ... invoked by Grinder
              (6 damage)
             ... on level 3 of the Dungeon.
             The game lasted 00:01:58 (1392 turns).

Newt the Trooper (Demonspawn Gladiator)             Turns: 1392, Time: 00:02:00

Health: -2/37      AC:  8    Str: 17    XL:     4   Next: 54%
Magic:  4/4        EV: 12    Int:  9    God:
Gold:   94         SH:  0    Dex: 14    Spells: 3/3 levels left

rFire   + . .      SeeInvis +    o - +3 hand axe (elec)
rCold   . . .      Faith    .    (no shield)
rNeg    . . .      Spirit   .    i - +3 leather armour of Happy Babbling {*Slow rPois SInv Stlth+}
rPois   +          Reflect  .    c - +1 helmet
rElec   .          Harm     .    (no cloak)
rCorr   .          Rampage  .    (no gloves)
Will    .....                    (no boots)
Stlth   +++                      (no amulet)
HPRegen 0.26/turn                j - ring of protection from fire
MPRegen 0.18/turn                (no ring)

@: slowed, very slow
A: magic regeneration
a: no special abilities


You were on level 3 of the Dungeon.
You visited 1 branch of the dungeon, and saw 3 of its levels.

You collected 94 gold pieces.

Inventory:

Hand Weapons
 a - a +0 rapier
 o - a +3 hand axe of electrocution (weapon)
Missiles
 d - 2 throwing nets (quivered)
 e - a javelin
 h - 3 poisoned darts
Armour
 b - a +0 leather armour
 c - a +1 helmet (worn)
 i - the +3 leather armour of Happy Babbling (worn) {*Slow rPois SInv Stlth+}
   (You found it on level 2 of the Dungeon)

   rPois:     It protects you from poison.
   SInv:      It lets you see invisible.
   *Slow:     It may slow you when you take damage.
   Stlth:     It makes you more stealthy.
Jewellery
 j - a ring of protection from fire (left hand)
Potions
 f - 2 potions of heal wounds {unknown}
 g - a potion of mutation {unknown}
 k - a potion of haste
 l - a potion of lignification {unknown}
 n - a potion of might {unknown}


   Skills:
 - Level 4.0 Fighting
 - Level 3.1 Short Blades
 + Level 0.5 Axes
 - Level 1.7 Throwing
 - Level 2.6 Dodging
 - Level 1.5 Stealth


You had 3 spell levels left.
You didn't know any spells.
Your spell library contained the following spells:

 Spells                   Type           Power      Damage    Failure   Level
 Beastly Appendage        Tmut           0%         N/A       45%         1
 Wereblood                Tmut           0%         N/A       58%         2
 Spider Form              Tmut/Pois      0%         N/A       83%         3


Dungeon Overview and Level Annotations

Branches:
Dungeon (3/15)

Altars:

Shops:
D:1 (

Annotations:
D:3 Grinder


Innate Abilities, Weirdness & Mutations

You regenerate magic rapidly.


Message History

Pain shoots through your body! Grinder hits you but does no damage.
You closely miss Grinder.
Grinder is heavily wounded.
Grinder hits you but does no damage. Grinder hits you.
You writhe in agony.
You slash Grinder!
Grinder is severely wounded.
Grinder completely misses you. Grinder misses you.
You barely miss Grinder.
Grinder is severely wounded.
Grinder barely misses you. Grinder closely misses you.
You barely miss Grinder.
Grinder is severely wounded.
Grinder barely misses you. Grinder hits you.
You writhe in agony.
You hit Grinder but do no damage.
Grinder is heavily wounded.
Grinder gestures at you. You resist with significant effort.
Grinder blinks!
You hit the orc. Lightning courses through the orc!
You kill the orc!
Grinder gestures at you. You resist with significant effort.
You hit Grinder.
Grinder is severely wounded.
You hit the orc. Grinder hits you but does no damage. Grinder hits you.
You feel yourself slow down.
You writhe in agony.
* * * LOW HITPOINT WARNING * * *
Throw: 3 throwing nets
Press: ? - help, Q - select action, (/) - cycle Shift-Dir - straight line, f/p - Grinder
Aim: Grinder (severely wounded, fast, 57% to hit)
You throw a throwing net. The throwing net hits Grinder.
Grinder is caught in the net!
Grinder is severely wounded.
Grinder struggles against the net.
The orc hits you with a +0 dagger.
* * * LOW HITPOINT WARNING * * *
The orc hits you with a +0 flail.
* * * LOW HITPOINT WARNING * * *
The orc hits you but does no damage. Grinder gestures at you.
Pain shoots through your body!
You die...

###......... #....#......
.# +....#......#####+#.#
#........#..........#
#........#..........#
#........#......... ...
#........#....... ...
###..5...##....# ....
#o@o...##....# .....
#####o#...#.....#
.....##..$.........?..#
................##........
.............>.###.........
.......)......## #.........
##........##### #......###
#........# ########
#........#


You could see Grinder (fast, caught) and 3 orcs.

Vanquished Creatures
  A gnoll (D:1)
  4 adders (D:2)
  A worm (D:2)
  An orc (D:3)
  4 ball pythons
  4 bats
  5 endoplasms
  4 giant cockroaches (D:1)
  6 goblins
  2 hobgoblins
  2 jackals (D:1)
  6 kobolds
  3 quokkas
  3 frilled lizards
  3 rats
49 creatures vanquished.

Vanquished Creatures (collateral kills)
  A giant cockroach (D:2)
1 creature vanquished.

Grand Total: 50 creatures vanquished

Notes
Turn   | Place    | Note
-------+----------+-------------------------------------------
     0 | D:1      | Newt the Demonspawn Gladiator began the quest for the Orb.
     0 | D:1      | Reached XP level 1. HP: 16/16 MP: 1/1
    35 | D:1      | Reached skill level 1 in Stealth
    66 | D:1      | Found Icluzuixu's Weapon Shoppe.
   131 | D:1      | Gained mutation: You regenerate magic rapidly. [demonic
                  | ancestry]
   131 | D:1      | Reached XP level 2. HP: 22/22 MP: 2/2
   210 | D:1      | Reached skill level 3 in Fighting
   383 | D:1      | Reached XP level 3. HP: 28/29 MP: 3/3
   927 | D:2      | Identified the +3 leather armour of Happy Babbling {*Slow
                  | rPois SInv Stlth+}
  1047 | D:2      | Reached XP level 4. HP: 26/37 MP: 4/4
  1106 | D:2      | Reached skill level 4 in Fighting
  1362 | D:3      | Noticed Grinder
  1364 | D:3      | Paralysed by Grinder for 4 turns
  1376 | D:3      | Paralysed by Grinder for 5 turns
  1392 | D:3      | Killed from afar by Grinder

Illustrated notes

Levels and vault maps discovered:
D:1:      scummos_arrival_checkerplants, layout_basic, serial_shops, shop,
          minmay_pentomino_r4
D:2:      layout_rooms
D:3:      minmay_bubble_buster, layout_basic, basic_ecumenical_altar,
          serial_shops, nicolae_shop_hallway_plus, st_stairs_9, minmay_rat_hole,
          uniq_grinder

Skill      XL: |  1  2  3  4 |
---------------+-------------+-----
Stealth        | 1 |  1.5
Fighting       | 3 4 |  4.0
Short Blades   | 3 |  3.1
Axes           | |  0.5
Throwing       | |  1.7
Dodging        | |  2.6

Action                     |  1- 3 |  4- 6 || total
---------------------------+-------+-------++-------
  Melee: Rapier            |   110 |    31 ||   141
         Hand axe          |       |    19 ||    19
  Throw: Throwing net      |       |     2 ||     2
    Use: Scroll            |     2 |     3 ||     5
   Stab: Sleeping          |     2 |     3 ||     5
         Distracted        |     1 |       ||     1
 Armour: Leather armour    |    41 |    29 ||    70
  Dodge: Dodged            |    88 |    30 ||   118

Table legend: (Time is in decaauts)
 A = Elapsed time spent in this place.
 B = Non-inter-level travel time spent in this place.
 C = Inter-level travel time spent in this place.
 D = Time resting spent in this place.
 E = Time spent auto-exploring this place.
 F = Levels seen in this place.
 G = Mean time per level.
                   A        B        C        D        E       F      G
               +--------+--------+--------+--------+--------+-----+--------+
         Total |   1406 |   1385 |     21 |    291 |    727 |   3 |  468.7 |
       Dungeon |   1406 |   1385 |     21 |    291 |    727 |   3 |  468.7 |
               +--------+--------+--------+--------+--------+-----+--------+

Top non-repeatable levels by time:
     D:1: 879 daAuts
     D:2: 462 daAuts
     D:3: 65 daAuts
